 Dungeon Crawl Stone Soup version 0.21-a0-338-g36cf2fc (webtiles) character file.

23946 nono the Covert (level 13, -25/78 HPs)
             Began as a Kobold Conjurer on Oct 2, 2017.
             Was a Follower of Uskayaw.
             Annihilated by Rupert
             ... wielding a +2 great mace of distortion
              (30 damage)
             ... on level 3 of the Lair of Beasts on Oct 3, 2017.
             The game lasted 01:26:01 (15861 turns).

nono the Covert (Kobold Conjurer)                  Turns: 15861, Time: 01:26:02

Health: -25/78     AC: 11    Str:  5    XL:     13   Next: 39%
Magic:  6/24       EV: 20    Int: 21    God:    Uskayaw [*.....]
Gold:   717        SH:  6    Dex: 16    Spells: 13/27 levels left

rFire    + . .     SeeInvis .   (weapon restricted)
rCold    . . .     Gourm    +   i - +0 buckler
rNeg     . . .     Faith    .   f - +0 leather armour {rPois}
rPois    +         Spirit   .   r - +0 helmet
rElec    .         Reflect  .   (no cloak)
rCorr    .         Harm     .   T - +1 pair of gloves
MR       .....                  h - +1 pair of boots
Stlth    ++++++....             A - amulet of Lady Luck {Gourm rF+}
HPRegen  0.23/turn              e - ring of stealth
MPRegen  0.19/turn              I - +3 ring of protection

@: no status effects
A: carnivore 3
a: Stomp, Renounce Religion


You were on level 3 of the Lair of Beasts.
You worshipped Uskayaw.
Uskayaw was aware of your devotion.
You were full.

You visited 4 branches of the dungeon, and saw 16 of its levels.

You collected 717 gold pieces.

Inventory:

Hand Weapons
 x - a +3 short sword of venom
 y - the +5 dagger of Lies {drain, -Tele rF++ Str+3}
   (You found it on level 4 of the Dungeon)

   A truly terrible weapon, it drains the life of those it strikes.
   It affects your strength (+3).
   It greatly protects you from fire.
   It prevents most forms of teleportation.
 P - a +1 antimagic short sword
Missiles
 l - 8 tomahawks of returning (quivered)
 N - a throwing net
Armour
 a - a +0 robe
 f - a +0 leather armour of poison resistance (worn)
 h - a +1 pair of boots (worn)
 i - a +0 buckler (worn)
 r - a +0 helmet (worn)
 T - a +1 pair of gloves (worn)
Jewellery
 e - a ring of stealth (left hand)
 j - an uncursed amulet of magic regeneration {unknown}
 q - a +3 ring of dexterity
 A - the amulet of Lady Luck (around neck) {Gourm rF+}
   (You found it on level 5 of the Dungeon)

   [amulet of the gourmand]

   It allows you to eat raw meat even when not hungry.
   It protects you from fire.
 E - a +4 ring of strength
 I - a +3 ring of protection (right hand)
 Y - an uncursed ring of wizardry
Wands
 p - a wand of digging (1/24)
 s - a wand of disintegration (8/24)
 u - a wand of paralysis (8/24)
 K - a wand of confusion (20/48)
 L - a wand of lightning (9/15)
 M - a wand of enslavement (1/24)
 R - a wand of random effects (22/48)
 S - a wand of acid (0/15)
 U - a wand of acid (5/15)
 V - a wand of iceblast (8/15)
 W - a wand of confusion (12/48)
Scrolls
 d - 3 scrolls of enchant weapon
 g - 2 scrolls of fog {unknown}
 m - 5 scrolls of enchant armour {unknown}
 n - 2 scrolls of teleportation
 o - 2 scrolls of recharging
 v - 8 scrolls of remove curse {unknown}
 z - 5 scrolls of magic mapping {unknown}
 B - 5 scrolls of immolation {unknown}
 C - 3 scrolls of noise {unknown}
 F - 2 scrolls of summoning
 H - 2 scrolls of identify
Potions
 k - 2 potions of haste
 t - 3 potions of might
 w - a potion of resistance
 D - 2 potions of mutation
 G - a potion of heal wounds
 J - 6 potions of curing
 Q - a potion of magic
 X - 3 potions of lignification
Books
 b - a book of Conjurations

   Spells                             Type                      Level
   a - Magic Dart                     Conjuration                  1
   b - Searing Ray                    Conjuration                  2
   c - Dazzling Spray                 Conjuration/Hexes            3
   d - Fulminant Prism                Conjuration/Hexes            4
   e - Force Lance                    Conjuration/Translocation    4
   f - Iskenderun's Mystic Blast      Conjuration                  4
 O - a book of Changes

   Spells                             Type                      Level
   a - Beastly Appendage              Transmutation                1
   b - Sticks to Snakes               Transmutation                2
   c - Spider Form                    Transmutation/Poison         3
   d - Ice Form                       Ice/Transmutation            4
   e - Blade Hands                    Transmutation                5
Comestibles
 c - 7 meat rations
 Z - 6 royal jellies


   Skills:
 - Level 7.7 Fighting
 + Level 10.7 Short Blades
 - Level 9.9 Dodging
 + Level 12.2 Stealth
 - Level 5.6 Shields
 - Level 7.8 Spellcasting
 - Level 7.2 Conjurations
 - Level 5.0 Hexes
 - Level 8.2 Invocations


You had 13 spell levels left.
You knew the following spells:

 Your Spells              Type           Power        Failure   Level  Hunger
a - Magic Dart            Conj           ####         1%          1    None
b - Searing Ray           Conj           #####.       1%          2    None
c - Dazzling Spray        Conj/Hex       ####..       3%          3    None
d - Iskenderun's Mystic   Conj           #####...     7%          4    ###....
e - Fulminant Prism       Conj/Hex       ####......   11%         4    ###....


Dungeon Overview and Level Annotations

Branches:
Dungeon (11/15)            Temple (1/1) D:4            Lair (3/6) D:11
 Shoals (0/4) Lair:3       Spider (0/4) Lair:3          Orc (1/2) D:11

Altars:
Ashenzari
Cheibriados
Dithmenos
Elyvilon
Gozag
Hepliaklqana
Kikubaaqudgha
Makhleb
Okawaru
Qazlal
Ru
Sif Muna
Trog
Uskayaw
Vehumet
Wu Jian
Yredelemnul
Zin
The Shining One

Annotations:
D:11 Nico3ck's ghost, journeyman GnWz
Lair:2 exclusion: 3 oklob plants
Lair:3 Rupert


Innate Abilities, Weirdness & Mutations

You are small and have problems with some larger weapons.
You are carnivorous and can eat meat at any time.


Message History

Evoke which item? (* to show all) (? for menu, Esc to quit)
Aiming: Corrosive Bolt (will waste charges)
Press: ? - help, Shift-Dir - straight line, f/p - Rupert
Aim: Rupert, wielding a great mace of distortion and wearing a runed ring mail (heavily wounded, berserk, fast, unusually strong, poisoned, covered in acid, lightly drained)
The bolt of acid hits Rupert.
Rupert is splashed with acid.
The acid corrodes Rupert!
Rupert is heavily wounded.
Evoking this partially-identified wand wasted a few charges.
Rupert completely misses you.
Wield which item (- for none, * to show all)? (? for menu, Esc to quit)
You are now empty-handed.
As you read the scroll of teleportation, it crumbles to dust.
You feel strangely unstable.
Rupert hits you with a great mace of distortion!!
* * * LOW HITPOINT WARNING * * *
You feel strangely stable. Rupert closely misses you.
Found a staircase to the Shoals.
Rupert rages.
Rupert hits you with a great mace of distortion!!
You die...

#..###.###P......##≈≈≈ #....##.
#...#### ##......#≈≈>≈ #[...##.
#..#######....†.##≈≈≈≈ #....P..
#..##...###.....#≈≈≈≈###.......
#...##...#..†....≈≈≈###......#.
#.......##P.......≈##.#.....##.
#..P##..##.........#........#.+
##..########...@....#.P##.......
#P..##.###.....@....#...........
#...................##..........
#..............>...≈≈##.........
##...............#≈≈≈≈##........
#.P.#..P........##≈≈≈≈##.......
#.PP.....##.....P#≈≈≈≈≈#.....##
..........#......###≈≈≈≈#.....##
##..#......#.....# #≈≈≈≈#.....##
P..P...........## ##≈≈##.......


You could see Rupert (berserk).

Vanquished Creatures
  2 hydras (Lair:2)
  Erica (Lair:1)
  4 two-headed ogres
  Urug (D:10)
  An unseen horror (D:8)
  A manticore (D:11)
  The ghost of aspa the Thaumaturge, a novice OpWz (D:6)
  Joseph (D:7)
  A merfolk siren (Lair:3)
  Psyche (D:8)
  A black mamba (Lair:2)
  A rime drake (Lair:2)
  A komodo dragon (Lair:2)
  A kobold demonologist (D:11)
  A polar bear (Lair:2)
  A troll (D:10)
  Grinder (D:6)
  The ghost of vishdafish the Magician, an amateur DsFE of Nemelex Xobeh (D:4)
  Prince Ribbit (D:7)
  7 blink frogs
  6 hippogriffs
  10 yaks
  A human (D:9)
  A hungry ghost (D:8)
  4 hogs (D:9)
  18 water moccasins
  5 porcupines
  8 orc warriors
  A swamp drake (Lair:1)
  An eye of draining (D:11)
  3 sky beasts
  A phantom (D:8)
  3 black bears
  6 ogres
  A necrophage (D:11)
  10 centaurs
  4 crocodiles
  6 big kobolds
  14 bullfrogs
  A gnoll sergeant (D:9)
  A scorpion (D:8)
  6 killer bees
  An electric eel (Lair:2)
  5 howler monkeys
  3 crimson imps
  3 bullfrog zombies
  11 orc priests
  10 hounds
  3 jellies
  3 centaur skeletons
  3 bullfrog skeletons
  3 iguanas
  13 orc wizards
  7 worker ants
  A hound skeleton (D:4)
  A howler monkey zombie (D:3)
  Robin (D:2)
  7 gnolls
  2 worker ant zombies
  29 adders
  3 howler monkey skeletons
  2 shadow imps
  An adder zombie (D:7)
  A worm (D:6)
  2 adder skeletons (D:4)
  2 dart slugs
  8 leopard geckos
  61 orcs
  2 ball pythons (D:3)
  3 giant cockroaches
  7 goblins
  12 hobgoblins
  16 jackals
  3 quokkas
  5 bats
  5 frilled lizards
  26 kobolds
  2 leopard gecko skeletons (D:7)
  5 rats
413 creatures vanquished.

Vanquished Creatures (others)
  A wyvern (Lair:3)
  A water moccasin (Lair:3)
  A crocodile (Lair:3)
  An orc wizard (D:11)
  31 fulminant prisms
  26 fungi
  16 plants
77 creatures vanquished.

Grand Total: 490 creatures vanquished

Notes
Turn   | Place    | Note
-------+----------+-------------------------------------------
     0 | D:1      | nono the Kobold Conjurer began the quest for the Orb.
     0 | D:1      | Reached XP level 1. HP: 10/10 MP: 3/3
   215 | D:1      | Reached XP level 2. HP: 15/15 MP: 0/5
   219 | D:1      | Learned a level 2 spell: Searing Ray
   378 | D:1      | Reached skill level 3 in Stealth
   675 | D:1      | Reached XP level 3. HP: 19/19 MP: 2/7
  1175 | D:2      | Found an iron altar of Okawaru.
  1203 | D:2      | Learned a level 3 spell: Dazzling Spray
  1246 | D:2      | Found a white marble altar of Elyvilon.
  1496 | D:2      | Reached XP level 4. HP: 16/24 MP: 2/8
  1904 | D:2      | Noticed Robin
  1911 | D:2      | Killed Robin
  2357 | D:3      | Reached XP level 5. HP: 22/28 MP: 5/10
  2429 | D:3      | Learned a level 4 spell: Iskenderun's Mystic Blast
  2474 | D:3      | Reached skill level 4 in Stealth
  2474 | D:3      | Reached skill level 5 in Conjurations
  2852 | D:4      | Reached XP level 6. HP: 14/32 MP: 12/12
  3201 | D:4      | Found a staircase to the Ecumenical Temple.
  3210 | Temple   | Entered the Ecumenical Temple
  3217 | Temple   | Became a worshipper of Uskayaw the Reveler
  3278 | D:4      | Reached * piety under Uskayaw
  3302 | D:4      | Reached ** piety under Uskayaw
  3431 | D:4      | Reached *** piety under Uskayaw
  3532 | D:4      | Got a bloodstained dagger
  3533 | D:4      | Identified the +5 dagger of Lies {drain, -Tele rF++ Str+3} (You found it on level 4 of the Dungeon)
  3557 | D:4      | Noticed vishdafish's ghost (amateur DsFE)
  3647 | D:4      | Noticed an ogre
  3657 | D:4      | Killed an ogre
  3657 | D:4      | Reached skill level 5 in Stealth
  3657 | D:4      | Reached XP level 7. HP: 36/36 MP: 4/14
  3779 | D:4      | Reached skill level 5 in Spellcasting
  3819 | D:4      | Reached skill level 1 in Short Blades
  3822 | D:4      | Reached **** piety under Uskayaw
  3960 | D:4      | Reached skill level 1 in Invocations
  4299 | D:4      | Killed vishdafish's ghost
  4299 | D:4      | Reached skill level 6 in Stealth
  4299 | D:4      | Reached XP level 8. HP: 36/41 MP: 1/15
  4507 | D:5      | Entered Level 5 of the Dungeon
  4760 | D:5      | Got a sparkling brass amulet
  4790 | D:5      | Identified the amulet of Lady Luck {Gourm rF+} (You found it on level 5 of the Dungeon)
  4828 | D:5      | Reached skill level 5 in Dodging
  5301 | D:5      | Found a deep blue altar of Sif Muna.
  5360 | D:6      | Reached XP level 9. HP: 29/52 MP: 4/16
  5518 | D:6      | You fall through a shaft for 2 floors!
  5555 | D:8      | Reached skill level 5 in Fighting
  5739 | D:7      | Noticed Prince Ribbit
  5781 | D:7      | Killed Prince Ribbit
  5830 | D:7      | Noticed Joseph
  5856 | D:7      | Killed Joseph
  5856 | D:7      | Reached ***** piety under Uskayaw
  5886 | D:6      | Found a burning altar of Makhleb.
  5898 | D:6      | Noticed aspa's ghost (novice OpWz)
  6083 | D:6      | Learned a level 4 spell: Fulminant Prism
  6122 | D:6      | Killed aspa's ghost
  6190 | D:6      | Found an ornate altar of the Wu Jian Council.
  6196 | D:6      | Reached XP level 10. HP: 43/60 MP: 14/19
  6554 | D:6      | Noticed Grinder
  6566 | D:6      | Paralysed by Grinder for 3 turns
  6574 | D:6      | Killed Grinder
  6574 | D:6      | Reached skill level 5 in Hexes
  6926 | D:7      | Reached skill level 1 in Shields
  7557 | D:8      | Found a stormy altar of Qazlal.
  8038 | D:8      | Found a bloodstained altar of Trog.
  8105 | D:8      | Noticed Psyche
  8120 | D:8      | Killed Psyche
  8120 | D:8      | Reached skill level 5 in Shields
  8699 | D:9      | Found a glowing silver altar of Zin.
  8958 | D:9      | Found an opulent altar of Gozag.
  9021 | D:9      | Found a shadowy altar of Dithmenos.
  9102 | D:9      | Reached skill level 7 in Stealth
  9102 | D:9      | Reached XP level 11. HP: 64/64 MP: 10/20
  9135 | D:9      | Reached skill level 5 in Short Blades
  9260 | D:8      | Killed an unseen horror
  9620 | D:9      | Reached skill level 8 in Stealth
  9887 | D:10     | Entered Level 10 of the Dungeon
  9967 | D:10     | Noticed a two-headed ogre
 10297 | D:10     | Noticed a two-headed ogre
 10303 | D:10     | Killed a two-headed ogre
 10303 | D:10     | Reached skill level 9 in Stealth
 10463 | D:10     | Noticed Urug
 10708 | D:10     | Noticed a two-headed ogre
 10724 | D:10     | Killed a two-headed ogre
 11117 | D:10     | Killed Urug
 11117 | D:10     | Reached skill level 10 in Stealth
 11236 | D:10     | Killed a two-headed ogre
 11236 | D:10     | Reached XP level 12. HP: 45/70 MP: 8/21
 11731 | D:11     | Found a staircase to the Orcish Mines.
 11734 | D:11     | Noticed a two-headed ogre
 12048 | D:11     | Killed a two-headed ogre
 12083 | Orc:1    | Entered Level 1 of the Orcish Mines
 12239 | D:11     | Reached skill level 11 in Stealth
 12318 | D:11     | Noticed Nico3ck's ghost (journeyman GnWz)
 13061 | D:11     | Found a staircase to the Lair.
 13093 | Lair:1   | Entered Level 1 of the Lair of Beasts
 13135 | Lair:1   | Reached skill level 5 in Invocations
 13911 | Lair:1   | Upgraded the game from 0.21-a0-331-gfb491b4 to 0.21-a0-338-g36cf2fc
 13914 | Lair:1   | Noticed Erica
 13923 | Lair:1   | Killed Erica
 14087 | Lair:1   | Reached ****** piety under Uskayaw
 14502 | Lair:1   | Reached XP level 13. HP: 69/75 MP: 18/23
 14956 | Lair:2   | Noticed an eight-headed hydra
 15009 | Lair:2   | Killed an eight-headed hydra
 15183 | Lair:2   | Noticed a seven-headed hydra
 15201 | Lair:2   | Killed a seven-headed hydra
 15282 | Lair:2   | Reached skill level 10 in Short Blades
 15661 | Lair:3   | Reached skill level 12 in Stealth
 15749 | Lair:3   | Found a hole to the Spider Nest.
 15814 | Lair:3   | Noticed Rupert
 15859 | Lair:3   | Found a staircase to the Shoals.
 15861 | Lair:3   | Annihilated by Rupert

Vault maps used:
D:1:      dpeg_arrival_brainrot
D:2:      marbit_many_paths, lemuel_crystal_altar, uniq_robin
D:3:      first_bread, grunt_ministairs_6
D:4:      lemuel_temple_firewalk_b, portal_sewer_entry_e
D:5:      led_sif_pool
D:6:      lemuel_crystal_altar, old_standard_altar, uniq_grinder
D:7:      wad_pebble_path, uniq_prince_ribbit1, uniq_joseph
D:8:      trog_ov_bears_minmay, grunt_qazlal_clouds, uniq_psyche
D:9:      zin_statuary, old_standard_altar, grunt_dithmenos_shadows,
          grunt_livestock
D:10:     uniq_urug
D:11:     grunt_lair_entry_orc_guard_hut, david_orc_3, st_stairs_7
Temple:   nicolae_temple_x_marks_the_god
Lair:1:   lemuel_reptile_caves, uniq_erica
Lair:2:   serial_bayou_shore_b, serial_bayou_shore_b, minmay_lair_oklob_chamber
Lair:3:   minmay_shoals_entry_lonely_mermaid, dummy_spider_entry,
          eino_small_chamber_without_monster, grunt_megastairs_4,
          lemuel_fruit_fields, uniq_nergalle, uniq_rupert
Orc:1:    uniq_snorg

Skill      XL: |  1  2  3  4  5  6  7  8  9 10 11 12 13 |
---------------+----------------------------------------+-----
Stealth        | 3 4 5 6 7 10 11 12 | 12.2
Spellcasting   | 3 4 5 6 7 |  7.8
Conjurations   | 5 7 |  7.2
Short Blades   | 3 4 8 9 10 | 10.7
Invocations    | 2 8 |  8.2
Dodging        | 5 6 9 |  9.9
Fighting       | 4 6 7 |  7.7
Hexes          | 3 5 |  5.0
Shields        | 5 |  5.6

Action                   |  1- 3 |  4- 6 |  7- 9 | 10-12 | 13-15 || total
-------------------------+-------+-------+-------+-------+-------++-------
Melee: Dagger            |    31 |    66 |    83 |   452 |    58 ||   690
 Cast: Magic Dart        |    52 |    54 |    18 |    52 |     9 ||   185
       Dazzling Spray    |     1 |     4 |     6 |    33 |     8 ||    52
       Searing Ray       |     1 |    11 |    38 |    82 |    14 ||   146
       Iskenderun's Myst |       |       |     7 |     4 |       ||    11
       Fulminant Prism   |       |       |       |    25 |     6 ||    31
Invok: Line Pass         |       |     1 |     1 |       |       ||     2
       Stomp             |       |       |       |     4 |       ||     4
Evoke: Wand              |       |     2 |     1 |       |    11 ||    14
  Use: Scroll            |       |     3 |     7 |     8 |     7 ||    25
       Potion            |       |     3 |     1 |     4 |       ||     8
 Stab: Sleeping          |     1 |     2 |     5 |    26 |     8 ||    42
       Paralysed         |       |     1 |     5 |    27 |     7 ||    40
       Distracted        |       |       |     1 |       |       ||     1
       Invisible         |       |       |     2 |    11 |     1 ||    14
  Eat: Chunk             |     9 |     9 |    10 |    37 |     3 ||    68
Armor: Robe              |    12 |    11 |    10 |    81 |     5 ||   119
       Leather armour    |       |       |       |       |    11 ||    11
Dodge: Dodged            |    29 |    72 |    98 |   438 |    78 ||   715
Block: Buckler           |       |       |       |   126 |    30 ||   156

Table legend:
 A = Spawn XP
 B = Non-spawn XP
 C = Spawn XP percentage of total XP
 D = Spawn monster count
 E = Non-spawn monster count
 F = Spawn count percentage of total count
 G = Total turns spent on level
                    A         B        C        D         E        F      G
               +---------+---------+-------+---------+---------+-------+---------
         Total |       0 |   34209 |   0.0 |       0 |     414 |   0.0 | 15861
               +---------+---------+-------+---------+---------+-------+---------
           D:1 |       0 |      37 |   0.0 |       0 |      23 |   0.0 |  1174
           D:2 |       0 |      79 |   0.0 |       0 |      23 |   0.0 |  1056
           D:3 |       0 |      89 |   0.0 |       0 |      18 |   0.0 |   531
           D:4 |       0 |     916 |   0.0 |       0 |      38 |   0.0 |  1731
           D:5 |       0 |     661 |   0.0 |       0 |      16 |   0.0 |   827
           D:6 |       0 |    1311 |   0.0 |       0 |      23 |   0.0 |  1171
           D:7 |       0 |    1679 |   0.0 |       0 |      23 |   0.0 |   909
           D:8 |       0 |    2568 |   0.0 |       0 |      38 |   0.0 |  1504
           D:9 |       0 |    3011 |   0.0 |       0 |      38 |   0.0 |  1383
          D:10 |       0 |    5445 |   0.0 |       0 |      47 |   0.0 |  1399
          D:11 |       0 |    4784 |   0.0 |       0 |      51 |   0.0 |  1384
        Lair:1 |       0 |    7246 |   0.0 |       0 |      53 |   0.0 |  1656
        Lair:2 |       0 |    4378 |   0.0 |       0 |      12 |   0.0 |   890
        Lair:3 |       0 |    1962 |   0.0 |       0 |      10 |   0.0 |   222
         Orc:1 |       0 |      43 |   0.0 |       0 |       1 |   0.0 |     9
               +---------+---------+-------+---------+---------+-------+---------
